Map: Dusk Towers

Players

capac

  • Race: Terran Terran
  • League: Gold

Kamy - Winner!

  • Race: Terran Terran
  • League: Gold

VOD

Have the link to the VOD?

Description

Time

  • Played on: Feb. 16, 2016, 3:16 p.m.
  • Length: 15:31
Show
View Real Time Build Order
Export as new Build Order

capac Terran 

Build Orders: MMM Bio 

Get SALT Encoding   

  12  0:06  SCV  
  13  0:18  SCV  
  14  0:22  Supply Depot  
  14  0:30  SCV  
  15  0:44  SCV  
  15  0:46  Barracks  
  16  0:56  SCV  
  16  1:05  Supply Depot  
  16  1:11  Refinery  
  16  1:13  SCV  
  17  1:25  SCV  
  18  1:39  SCV  
  19  1:51  SCV  
  20  1:56  Command Center  
  20  1:59  Marine  
  21  2:08  Orbital Command  
  21  2:10  Refinery  
  21  2:23  Marine  
  20  2:46  Marine  
  20  2:51  Factory  
  20  2:54  Barracks  
  20  3:11  Marine  
  21  3:14  SCV  
  21  3:19  Barracks  
  22  3:28  Marine, SCV  
  22  3:31  Orbital Command  
  24  3:42  Barracks Tech Lab  
  24  3:45  Factory Tech Lab  
  24  3:49  SCV  
  24  3:53  Marine  
  26  4:02  Starport  
  26  4:04  SCV  
  26  4:07  SCV  
  26  4:09  Marine  
  29  4:19  Marine  
  29  4:20  Siege Tank  
  33  4:24  Marine, Liberator  
  33  4:28  Barracks Reactor  
  33  4:29  SCV  
  33  4:30  SCV  
  36  4:35  Supply Depot  
  36  4:37  Stimpack  
  39  4:46  Marine  
  40  4:58  Barracks Reactor  
  40  4:59  Supply Depot  
  40  5:04  Marine, SCV  
  40  5:05  SCV  
  43  5:08  Refinery  
  43  5:14  Refinery  
  43  5:17  SCV x2  
  39  5:32  SCV x2  
  40  5:44  SCV  
  34  6:00  Siege Tank  
  37  6:09  Marine x2  
  37  6:10  Marine  
  40  6:16  SCV  
  40  6:18  SCV  
  42  6:19  Supply Depot  
  42  6:31  SCV x2  
  42  6:32  Siege Tank  
  47  6:34  Liberator  
  43  6:49  SCV x2  
  43  6:53  Marine x3  
  52  7:01  SCV  
  52  7:19  Marine x2  
  54  7:41  Marine x3, Siege Tank, SCV x2  
  54  7:42  Supply Depot  
  62  7:59  Marine x3, SCV x2  
  62  8:00  Supply Depot  
  62  8:03  Marine x2, Combat Shields  
  62  8:05  Medivac  
  71  8:10  Starport  
  71  8:11  SCV x2  
  73  8:17  Marine  
  71  8:20  Siege Tank  
  74  8:29  Marine x4  
  74  8:33  SCV x2  
  80  8:34  Marine  
  81  8:41  Starport Reactor  
  81  8:45  SCV x2  
  83  8:50  Marine x3  
  83  8:55  Supply Depot  
  86  8:59  Starport Reactor  
  86  9:01  Supply Depot  
  86  9:16  Marine x5, SCV  
  86  9:17  SCV  
  93  9:25  Engineering Bay  
  93  9:29  SCV x2  
  93  9:30  Command Center  
  95  9:32  Command Center  
  95  9:34  Marine x2  
  97  9:52  Liberator x2  
  73  10:08  Medivac x2  
  73  10:10  Marine  
  73  10:11  Marine x4  
  73  10:12  SCV x2  
  90  10:24  SCV  
  90  10:25  SCV  
  92  10:28  Marine  
  92  10:31  Missile Turret  
  93  10:37  Marine x2  
  93  10:38  Marine x2  
  97  10:52  Missile Turret  
  97  10:56  Marine x3  
  100  11:04  Marine x2  
  102  11:14  Marine x3, Missile Turret  
  105  11:25  Marine x2  
  105  11:31  Marine  
  105  11:32  Marine x2  
  89  12:48  Marine x3  
  89  12:49  Marine x2  
  89  12:50  Medivac x2  
  89  12:51  Medivac x2  
  94  12:52  SCV  
  95  13:04  SCV  
  96  13:06  Marine  
  97  13:19  Siege Tank  
  97  13:20  Medivac  
  99  13:41  Marine x2  
  101  13:51  Marine x2, Siege Tank  
  106  13:59  Marine x2  
  108  14:08  Marine x2  
  110  14:16  Marine  
  110  14:17  Marine  
  111  14:18  Barracks  
  112  14:26  Marine x2  
  114  14:34  Marine x2  
Show
View Real Time Build Order
Export as new Build Order

Kamy Terran - Winner!

Build Orders: Banshee Rush 

Get SALT Encoding   

  12  0:01  SCV  
  13  0:15  Supply Depot  
  13  0:18  SCV  
  14  0:30  SCV  
  15  0:40  Barracks  
  15  0:48  Refinery  
  15  0:49  SCV  
  16  0:56  Refinery  
  16  1:04  SCV  
  17  1:17  Barracks  
  17  1:22  SCV  
  18  1:28  Reaper  
  19  1:40  Orbital Command  
  19  1:54  Factory  
  19  2:00  Barracks Reactor  
  19  2:06  SCV  
  20  2:14  Supply Depot  
  20  2:16  Marine  
  20  2:20  SCV  
  22  2:33  SCV  
  22  2:35  Marine  
  24  2:48  SCV  
  25  2:52  Marine  
  25  2:53  Marine  
  27  3:10  Starport  
  27  3:12  Factory Tech Lab  
  27  3:13  SCV  
  27  3:14  Supply Depot  
  27  3:16  Marine  
  27  3:17  Marine x2  
  31  3:25  Engineering Bay  
  31  3:35  Marine x3, SCV  
  31  3:37  Supply Depot  
  35  3:47  SCV  
  36  3:48  Factory Tech Lab  
  36  3:53  Banshee  
  39  3:55  Cloaking Field  
  39  3:58  Marine  
  39  3:59  Marine  
  41  4:14  Siege Tank  
  41  4:16  SCV  
  44  4:31  Supply Depot, Command Center  
  44  4:43  Viking  
  46  4:49  Barracks Tech Lab  
  46  4:53  Siege Tank  
  49  5:21  Marine, Command Center  
  49  5:22  Marine x2  
  49  5:25  Siege Tank  
  49  5:27  Supply Depot  
  55  5:31  SCV  
  53  5:37  Refinery  
  53  5:45  Refinery  
  45  6:07  SCV  
  45  6:10  Orbital Command  
  45  6:11  Siege Tank  
  49  6:12  Marine  
  50  6:28  SCV  
  44  6:48  Marine x2, Siege Tank  
  44  6:49  Marine  
  44  6:51  SCV  
  44  6:52  Planetary Fortress  
  44  6:53  SCV  
  52  7:03  SCV  
  52  7:05  SCV, Missile Turret  
  54  7:11  Missile Turret  
  54  7:21  SCV  
  52  7:27  Starport  
  52  7:28  Terran Infantry Weapons Level 1, Missile Turret  
  52  7:29  Armory  
  52  7:31  Armory  
  52  7:38  SCV x2  
  52  7:40  SCV  
  55  7:45  Combat Shields  
  55  7:51  Missile Turret  
  55  7:52  SCV  
  56  8:00  Medivac  
  56  8:04  Medivac  
  60  8:07  Supply Depot  
  60  8:10  SCV x3  
  60  8:11  Marine x2  
  65  8:13  Marine  
  65  8:25  SCV x2  
  65  8:26  SCV  
  68  8:27  Terran Vehicle Weapons Level 1  
  68  8:29  Terran Vehicle And Ship Armor Level 1  
  68  8:34  Starport Reactor  
  68  8:44  Siege Tank  
  68  8:45  Marine x3  
  68  8:46  SCV  
  68  8:47  SCV x2  
  77  8:58  Barracks  
  77  9:02  Marine  
  77  9:03  Marine x2, SCV  
  77  9:09  SCV  
  83  9:10  Refinery, SCV  
  83  9:13  Refinery  
  83  9:16  Siege Tank  
  86  9:17  SCV  
  86  9:20  Marine  
  86  9:21  Marine  
  86  9:22  Terran Infantry Armor Level 1  
  89  9:28  SCV  
  89  9:30  Marine  
  89  9:38  Marine x2  
  89  9:48  Marine, Siege Tank  
  80  10:01  Marine x2  
  80  10:06  Barracks Reactor  
  82  10:08  SCV x3  
  82  10:09  Factory  
  82  10:10  Marine  
  86  10:19  Marine x2  
  86  10:20  Siege Tank  
  91  10:26  SCV x2  
  91  10:27  Marine  
  91  10:28  Command Center  
  94  10:29  Terran Vehicle Weapons Level 2  
  94  10:31  Terran Ship Weapons Level 1  
  94  10:35  Supply Depot  
  94  10:37  Marine x2  
  94  10:38  Raven  
  98  10:45  Marine  
  99  10:51  Marine  
  99  10:52  Marine  
  99  10:54  Missile Turret  
  99  10:55  Factory Tech Lab  
  99  10:57  Marine x2, Siege Tank  
  101  11:03  Barracks, Marine  
  107  11:09  Marine x2  
  109  11:11  Supply Depot  
  109  11:32  Marine x5  
  109  11:33  SCV x3  
  109  11:35  Supply Depot  
  120  11:40  Siege Tank  
  120  11:43  Refinery  
  117  11:50  Marine x2  
  117  11:53  Siege Tank  
  112  11:56  Marine x2  
  114  12:10  Marine x2  
  114  12:12  Siege Tank  
  114  12:13  Marine  
  117  12:25  Terran Vehicle And Ship Armor Level 2, Siege Tank  
  117  12:28  Marine x2  
  120  12:31  Marine  
  119  12:43  Barracks Reactor  
  122  12:44  Siege Tank  
  122  12:45  Marine  
  122  12:46  Engineering Bay, Marine  
  122  12:49  Marine  
  124  12:57  Siege Tank  
  124  12:58  SCV  
  128  13:03  Marine, Terran Ship Weapons Level 2  
  128  13:04  Marine  
  125  13:07  Marine  
  125  13:10  SCV  
  119  13:16  Siege Tank  
  122  13:21  Marine x4  
  122  13:22  SCV  
  122  13:24  Missile Turret  
  122  13:25  Marine  
  128  13:29  Siege Tank  
  131  13:34  SCV  
  131  13:39  Marine x3  
  131  13:40  Marine  
  128  13:46  Missile Turret, SCV  
  128  13:48  Siege Tank  
  132  13:51  Fusion Core  
  132  13:55  Starport  
  132  13:57  Starport  
  132  13:59  Starport  
  132  14:04  Refinery  
  132  14:21  Missile Turret  
  132  14:26  Command Center  
  132  14:36  Starport Tech Lab  
  132  14:39  Starport Tech Lab x2  
  132  14:42  Starport  
  132  14:51  Barracks Reactor  
  132  14:59  Barracks  
  132  15:02  Supply Depot  
  132  15:26  Supply Depot  
Tags
 
Composition
MMM Bio
League
GoldGold
Matchup
TvT
Race
Terran
Strategy
Banshee Rush
Add a new tag
Caveats
  • Supply blocks, unpowered buildings, or Contaminate may cause inaccurate times.
  • Supply counts are checked every 10 seconds.